AoeStats
← A Casa Gordito

Arena

509893454Analyzed
4v4 RM · 5d ago on Sep 28, 2026· 22m 39s· 8 players
Game mode
Random Map
Map size
Large (8 player)
Population
200
Speed
Normal
Resources
Standard
Victory
Conquest
Starting age
Dark Age
Ending age
Imperial Age
RankedLock teamsTeams togetherTeam positionsShared explorationLock speedFull tech treeHidden civsTurbo modeCheats
Victory
Defeat
🇺🇾 Khmer · Uruguay
1065
+16
🇺🇾 Lithuanians · Uruguay
1032
+17
🇺🇾 Byzantines · Uruguay
1032
+17
🇦🇷 Huns · Argentina
1000
+55
🇪🇸 Goths · Spain
1079
-18
🇨🇦 Hindustanis · Canada
1065
-17
🇵🇱 Spanish · Poland
1043
-17
🇵🇪 Turks · Peru
1024
-16
BallonPrince5
11:15 Feudal Age
12:27 Double-Bit Axe
12:24 Horse Collar
15:18 Castle Age
16:13 Bow Saw
16:07 Heavy Plow
16:37 Gold Mining
23:20 Wheelbarrow
22:35 Loom
Bamboozled Kiwi
0:57 Loom
10:06 Feudal Age
10:35 Double-Bit Axe
11:15 Horse Collar
11:25 Loom
11:38 Gold Mining
18:03 Castle Age
17:26 Wheelbarrow
16:46 Stone Mining
19:06 Bow Saw
Legendario
0:28 Loom
13:20 Feudal Age
17:34 Castle Age
15:37 Double-Bit Axe
16:12 Horse Collar
19:40 Fletching
LORD PETER
8:52 Loom
11:34 Feudal Age
15:24 Double-Bit Axe
15:21 Horse Collar
18:16 Castle Age
17:30 Stone Mining
17:33 Gold Mining
20:00 Scale Barding Armor
20:41 Fervor
A Casa Gordito
11:35 Feudal Age
15:11 Castle Age
13:14 Double-Bit Axe
13:26 Horse Collar
18:47 Bow Saw
20:25 Heavy Plow
20:18 Gold Mining
Danubio Futbol Club
10:49 Feudal Age
12:35 Loom
15:02 Castle Age
13:46 Loom
15:16 Fletching
18:02 Bodkin Arrow
17:59 Stone Mining
Vincun
7:07 Loom
11:00 Feudal Age
15:35 Castle Age
alvaropaterson2019
0:29 Loom
13:05 Feudal Age
18:03 Castle Age
17:42 Wheelbarrow
16:56 Double-Bit Axe
17:03 Gold Mining
16:59 Horse Collar
17:14 Stone Mining
20:31 Wheelbarrow
Connection lost

Rejoining the realm…

Still unreachable

The connection could not be restored.

Session expired

The server has moved on; the page needs a fresh start.